 Dungeon Crawl Stone Soup version 0.30-a0-620-g0e44632947 (webtiles) character file.

Game seed: 9427033292057473661

221573 Citaku the Impregnable (level 18, -15/136 HPs)
             Began as a Minotaur Fighter on Jan 10, 2023.
             Was the Champion of Wu Jian.
             Demolished by a death knight
             ... wielding a +4 glaive
              (27 damage)
             ... on level 2 of the Abyss.
             The game lasted 01:51:01 (39663 turns).

Citaku the Impregnable (Minotaur Fighter)          Turns: 39663, Time: 01:51:02

Health: -15/136    AC: 43    Str: 27      XL:     18   Next: 50%
Magic:  0/17       EV:  6    Int:  0 (4)  God:    Wu Jian [******]
Gold:   2405       SH: 31    Dex: 11      Spells: 17/17 levels left

rFire   + . .      SeeInvis +    v - +5 Force Lance {heavy, knockback}
rCold   . . .      Faith    .    L - +7 tower shield
rNeg    + . .      Spirit   .    H - +9 crystal plate armour of Riomemon {rF+ Int-3 Dex+3 SInv}
rPois   +          Reflect  +    (helmet restricted)
rElec   +          Harm     .    r - +2 cloak {Stlth+}
rCorr   +          Rampage  .    g - +2 pair of gloves {infuse}
Will    +....                    G - +2 pair of boots {rF+} Stlth
                                 o - amulet "Fanol" {Reflect rElec Slay+2 SH+5}
HPRegen 0.42/turn                b - ring of poison resistance
MPRegen 0.15/turn                l - ring of Propriety {Contam rF+ rN+ rCorr Str+6}

@: mighty, lethally poisoned (-15 -> -18), on berserk cooldown, slowed, lost
intelligence, silenced, unable to read, unable to drink, very slow
A: horns 2, retaliatory headbutt, clumsy 2, [deformed body], [deterioration 2],
[frail 2], [screaming 2], weak 1[+1], [heat vulnerability 2], subdued magic
1[+2], [inability to drink after injury 2]
}: 1/15 runes: serpentine
a: Renounce Religion, Wall Jump


You were on level 2 of the Abyss.
You worshipped Wu Jian.
Wu Jian was exalted by your worship.
You visited 5 branches of the dungeon, and saw 28 of its levels.
You visited the Abyss 1 time.
You also visited: Ossuary.

You collected 2909 gold pieces.
You spent 504 gold pieces at shops.

Inventory:

Hand Weapons
 v - the +5 Force Lance (weapon) {heavy, knockback}
   (You found it on level 2 of the Dungeon)

   It sometimes knocks back enemies it hits.
Missiles
 A - 7 throwing nets (quivered)
Armour
 g - a +2 pair of gloves of infusion (worn)
 r - a +2 cloak of stealth (worn)
 G - a +2 pair of boots of fire resistance (worn)
 H - the +9 crystal plate armour of Riomemon (worn) {rF+ Int-3 Dex+3 SInv}
   (You acquired it on level 12 of the Dungeon)

   Int:       It affects your intelligence (-3).
   Dex:       It affects your dexterity (+3).
   rF:        It protects you from fire.
   SInv:      It lets you see invisible.
 L - a +7 tower shield (worn)
Jewellery
 b - a ring of poison resistance (left hand)
 l - the ring of Propriety (right hand) {Contam rF+ rN+ rCorr Str+6}
   (You found it on level 9 of the Dungeon)

   [ring of strength]

   Str:       It affects your strength (+6).
   rF:        It protects you from fire.
   rN:        It protects you from negative energy.
   Contam:    It causes magical contamination when unequipped.
   rCorr:     It protects you from acid and corrosion.
 o - the amulet "Fanol" (around neck) {Reflect rElec Slay+2 SH+5}
   (You found it on level 9 of the Dungeon)

   [amulet of reflection]

   It reflects blocked missile attacks.
   Slay:      It affects your accuracy & damage with ranged weapons and melee
   (+2).
   rElec:     It insulates you from electricity.
   SH:        It affects your SH (+5).
 D - the ring "Dydys" {Str+6 Dex+3}
   (You found it on level 9 of the Dungeon)

   [ring of strength]

   Str:       It affects your strength (+6).
   Dex:       It affects your dexterity (+3).
 I - a ring of flight
Wands
 a - a wand of charming (5)
 h - a wand of iceblast (10)
 i - a wand of mindburst (11)
 x - a wand of flame (45)
Scrolls
 k - 13 scrolls of teleportation
 n - 2 scrolls of brand weapon
 q - 5 scrolls of amnesia
 s - 2 scrolls of enchant weapon
 t - 14 scrolls of identify
 w - a scroll of poison
 y - 5 scrolls of blinking
 z - 3 scrolls of silence
 E - 2 scrolls of fear
 F - a scroll of fog
Potions
 d - 4 potions of ambrosia
 f - 4 potions of brilliance
 j - 3 potions of cancellation
 m - 18 potions of curing
 p - 2 potions of invisibility
 u - 2 potions of flight
 C - a potion of magic
Miscellaneous
 c - a lightning rod (4/4)
 K - a tin of tremorstones (2/2)
 M - a phial of floods
 O - a lightning rod (4/4)


   Skills:
 + Level 17.6 Fighting
 - Level 4.0(16.0) Axes
 * Level 23.4(23.5) Polearms
 * Level 24.0 Armour
 + Level 17.8 Shields


You had 17 spell levels left.
You didn't know any spells.
Your spell library contained the following spells:

 Spells                   Type           Power      Damage    Failure   Level
 Blink                    Tloc           0%         N/A       100%        2
 Cigotuvi's Dreadful Rot  Necr/Pois/Air  0%         N/A       100%        2
 Momentum Strike          Conj/Tloc      0%         3d8       100%        2
 Poisonous Vapours        Pois/Air       0%         N/A       100%        2
 Gell's Gravitas          Tloc           0%         N/A       100%        3
 Hailstorm                Conj/Ice       0%         3d3       100%        3
 Ignite Poison            Fire/Tmut/Pois 0%         N/A       100%        3
 Kindle Blastsparks       Fire/Tloc/Air  0%         2d10      100%        3
 Lesser Beckoning         Tloc           0%         N/A       100%        3
 Mephitic Cloud           Conj/Pois/Air  0%         N/A       100%        3
 Ozocubu's Armour         Ice            0%         N/A       100%        3
 Portal Projectile        Hex/Tloc       0%         N/A       100%        3
 Teleport Other           Tloc           0%         N/A       100%        3
 Tukima's Dance           Hex            0%         N/A       100%        3
 Dispel Undead            Necr           0%         3d6       100%        4
 Ice Form                 Ice/Tmut       0%         N/A       100%        4
 Blade Hands              Tmut           0%         N/A       100%        5
 Freezing Cloud           Conj/Ice/Air   0%         6-21      100%        5
 Iskenderun's Battlesphe  Conj           0%         2d6       100%        5
 Metabolic Englaciation   Hex/Ice        0%         N/A       100%        5
 Death Channel            Necr           0%         N/A       100%        6
 Iron Shot                Conj/Erth      0%         9d1       100%        6
 Simulacrum               Ice/Necr       0%         N/A       100%        6
 Spellforged Servitor     Conj/Summ      0%         N/A       100%        7


Dungeon Overview and Level Annotations

Branches:
Dungeon (15/15)            Temple (0/1) D:5            Lair (5/5) D:9
 Shoals (0/4) Lair:2        Snake (4/4) Lair:2        Slime (0/5) Lair:5
    Orc (2/2) D:11            Elf (0/3) Orc:2        Vaults (2/5) D:13
 Depths (0/4) D:15        Ossuary (visited)
  Crypt: Vaults:2-3

Altars:
Cheibriados
Fedhas
Gozag
Hepliaklqana
Makhleb
Qazlal
Trog
Uskayaw
Vehumet
Wu Jian
Xom
Lugonu

Shops:
D:9 [   D:10 *   D:15 *   Orc:1 (   Orc:2 =(!**

Portals:
Abyss: Lair:5
Pandemonium: Orc:2


Innate Abilities, Weirdness & Mutations

You have a pair of horns on your head.
You reflexively headbutt those who attack you in melee.
You are very clumsy. (Dex -4)
[Armour fits poorly on your strangely shaped body.]
[Your body often deteriorates upon taking damage.]
[You are very frail. (-20% HP)]
[You frequently scream uncontrollably at your foes.]
[You are very weak. (Str -4)]
[You are very vulnerable to heat. (rF--)]
[Your spells are much easier to cast, but much less powerful.]
[You sometimes lose the ability to drink potions when taking damage.]


Message History

You impale the guardian serpent!!
Your headbutt misses the guardian serpent.
The guardian serpent is almost dead.
You feel sick. You block the fire bat's attack.
You block the guardian serpent's attack.
You block the quasit's attack.
The quasit claws you but does no damage.
You block the quasit's attack. The neqoxec gestures at you.
Strange energies course through your body.
You feel frail. The large abomination hits you!
You feel threatened and lose the ability to drink potions!
* * * LOW HITPOINT WARNING * * *
The ufetubus hits you but does no damage.
The ufetubus barely misses you. You block the fire bat's attack.
The hellwing hits you but does no damage.
You block the hellwing's attack. You block the orange demon's attack.
The death knight hits you from afar with a +4 glaive.
* * * LOW HITPOINT WARNING * * *
The wretched star pulses with an eldritch light!
You feel frail. x2
The guardian serpent closely misses you.
You furiously retaliate!
You headbutt the guardian serpent!
You kill the guardian serpent!
The Council accepts your kill. The neqoxec gestures at you.
Something tries to feed on your intellect!
The quasit bites you but does no damage.
The quasit claws you but does no damage. x2
You impale the fire bat!!
You kill the fire bat!
The Council accepts your kill.
You feel sick. You block the fire bat's attack.
You block the ufetubus's attack. x2; You block the hellwing's attack.
The hellwing hits you but does no damage.
The orange demon barely misses you.
You block the large abomination's attack.
The death knight hits you from afar with a +4 glaive!!
You die...

#.#.........
####.#......... ..
.
...###.........##.
. ...#..........# .
.. #..........#
....
####...N......# ..
. . #.....Xb*4N.#.#
5.. ...#4@5p3..N. #
...
#.....553xN...#ยง..
....
....#..5.55...#...
. .......x.#W...# .
.... .
#...........#. ...
##.............
..... ...........
...4.... ..
...............
..... . .. ....


You could see a death knight, a wretched star (unsilenced), an orange demon, an
ancient zyme, a large abomination, a hellwing, a silent spectre (silencing), a
naga mage, a neqoxec (unsilenced), a ynoxinul (unsilenced), 3 nagas, a small
abomination, a fire bat, a quasit and 5 ufetubi.

Vanquished Creatures
  Jorgrun (D:15)
  Gastronok (D:11)
  A tentacled starspawn (Abyss:2)
  9 nagarajas
  A tengu reaver (Vaults:1)
  4 vault wardens
  Aizul (Snake:3)
  An orc warlord (D:11)
  8 ironbound preservers
  9 dire elephants
  Azrael (D:13)
  Josephine (Lair:4)
  An entropy weaver (shapeshifter) (D:14)
  3 yaktaur captains (Vaults:1)
  Erolcha (D:12)
  2 salamander tyrants
  A great orb of eyes (Vaults:2)
  6 vault guards
  An ogre mage (D:15)
  2 hydras
  Harold (D:11)
  2 demonspawn (Orc:2)
  8 anacondas
  14 centaur warriors
  9 two-headed ogres
  A catoblepas (D:15)
  3 ironbound frosthearts
  14 naga warriors
  6 death yaks (Lair:5)
  An alligator (shapeshifter) (D:15)
  14 naga sharpshooters
  3 tengu warriors (D:14)
  5 boulder beetles
  4 large abominations
  3 orc high priests (Orc:2)
  4 thrashing horrors
  8 shock serpents
  4 skeletal warriors (D:12)
  Amaemon (D:11)
  A salamander mystic (Snake:2)
  The ghost of Odexios the Summoner, a novice OpSu of Gozag (D:8)
  23 deep trolls
  A glowing orange brain (Vaults:1)
  6 sea snakes (Snake:4)
  2 harpies
  Pikel (D:7)
  A deep elf archer (D:13)
  A lindwurm (Vaults:1)
  2 naga ritualists
  4 orc knights
  4 wizards
  8 ironbound convokers
  An oklob plant (Lair:2)
  12 orc sorcerers
  13 mana vipers
  A wolf spider (D:15)
  33 ugly things
  9 salamanders
  2 deep elf pyromancers
  7 cyclopes
  7 black mambas
  6 elephants
  9 vault sentinels
  The ghost of mojasp the Skirmisher, a novice DEHu (D:6)
  4 manticores
  A merfolk siren (Lair:2)
  17 naga magi
  8 guardian serpents
  Maurice (Orc:1)
  An orange demon (D:11)
  7 cane toads
  4 smoke demons
  4 gargoyles
  An efreet (D:8)
  A freezing wraith (D:9)
  9 komodo dragons
  2 tengu conjurers
  2 rime drakes
  An ancient zyme (Lair:5)
  13 yaktaurs
  An ice devil (Orc:2)
  A polar bear (Lair:2)
  7 trolls
  A hellwing (Orc:2)
  3 meliai (D:13)
  Grinder (D:5)
  36 blink frogs
  A snapping turtle (shapeshifter) (Vaults:2)
  5 dream sheep (Lair:5)
  A raiju (shapeshifter) (D:13)
  A jumping spider (shapeshifter) (D:14)
  Sigmund (D:5)
  12 slime creatures
  A centaur simulacrum (D:15)
  5 ynoxinuls
  25 yaks
  4 vampires
  2 spriggans (Lair:5)
  7 wraiths
  A shadow (D:9)
  A human (D:13)
  4 wyverns
  3 fire bats (Abyss:2)
  5 basilisks
  2 vampire mosquitoes (D:14)
  A chaos spawn (Lair:5)
  4 fire elementals (D:13)
  5 steam dragons
  5 wargs
  47 nagas
  An acid dragon (D:10)
  2 hell hounds (D:13)
  10 water moccasins
  A hornet zombie (Ossuary)
  42 orc warriors
  4 black bears
  2 ice beasts
  4 boggarts (Lair:5)
  8 ogres
  17 wolves
  8 centaurs
  A lemure (D:7)
  3 kobold brigands
  2 phantoms (D:6)
  12 bullfrogs
  2 scorpions
  A necrophage (D:6)
  13 small abominations
  9 wights
  12 killer bees
  11 electric eels
  10 howler monkeys
  3 lava snakes (Lair:1)
  2 centaur zombies (Ossuary)
  3 jellies
  6 bullfrog zombies (Ossuary)
  Crazy Yiuf (D:2)
  A hound (D:5)
  27 orc priests
  A gnoll bouda (D:8)
  4 iguanas
  24 orc wizards
  Terence (D:2)
  A killer bee zombie (Ossuary)
  19 mummies
  22 gnolls
  3 adders
  3 shadow imps
  2 white imps
  3 ufetubi
  4 worms
  3 dart slugs
  75 orcs
  10 ball pythons
  4 endoplasms
  7 giant cockroaches
  15 goblins
  8 hobgoblins
  59 kobolds
  5 bats
  3 frilled lizards
  A hobgoblin zombie (D:5)
  A kobold zombie (D:5)
  7 rats
1088 creatures vanquished.

Vanquished Creatures (collateral kills)
  A vault guard (Vaults:1)
  An orc knight (Orc:2)
  An ironbound convoker (Vaults:1)
  An orc priest (Orc:2)
  3 orcs (Orc:2)
7 creatures vanquished.

Vanquished Creatures (others)
  A naga sharpshooter (Snake:4)
  An orc knight (Orc:2)
  A naga (Snake:4)
  A gnoll bouda (D:9)
  A gnoll (D:9)
  2 orcs (Orc:1)
  21 fungi
  A lurking horror (Abyss:2)
  43 plants
  3 starspawn tentacles (Abyss:2)
  A withered plant (Ossuary)
76 creatures vanquished.

Grand Total: 1171 creatures vanquished

Notes
Turn   | Place    | Note
-------+----------+-------------------------------------------
     0 | D:1      | Citaku the Minotaur Fighter began the quest for the Orb.
     0 | D:1      | Reached XP level 1. HP: 19/19 MP: 0/0
    44 | D:1      | Reached XP level 2. HP: 27/27 MP: 1/1
   139 | D:1      | Reached skill level 4 in Armour
   398 | D:2      | Reached XP level 3. HP: 33/33 MP: 2/2
   452 | D:2      | Found a runed translucent door.
   453 | D:2      | Noticed Crazy Yiuf
   459 | D:2      | Killed Crazy Yiuf
   697 | D:2      | Reached XP level 4. HP: 39/40 MP: 3/3
   896 | D:2      | Noticed Terence
   905 | D:2      | Killed Terence
  1230 | D:2      | Found a faded altar of an unknown god.
  1377 | D:2      | Found the +5 Force Lance {heavy, knockback}
  1629 | D:3      | Gained mutation: You passively dampen the noise of your
                  | surroundings. [potion of mutation]
  1629 | D:3      | Gained mutation: You are agile. (Dex +4, Str/Int -1)
                  | [potion of mutation]
  1740 | D:3      | Found an ornate altar of the Wu Jian Council.
  1803 | D:3      | Became a worshipper of the Wu Jian Council
  1850 | D:3      | Reached XP level 5. HP: 46/47 MP: 4/4
  1920 | D:3      | Found an opulent altar of Gozag.
  2321 | D:4      | Reached skill level 1 in Polearms
  2321 | D:4      | Reached skill level 5 in Armour
  2397 | D:4      | Reached * piety under Wu Jian
  2783 | D:4      | Reached XP level 6. HP: 52/53 MP: 5/5
  3031 | D:5      | Entered Level 5 of the Dungeon
  3053 | D:5      | Identified a scroll of acquirement
  3053 | D:5      | Acquired a +2 pair of gloves of infusion
  3321 | D:5      | Noticed Grinder
  3329 | D:5      | Paralysed by Grinder for 5 turns
  3336 | D:5      | Killed Grinder
  3337 | D:5      | Reached skill level 5 in Fighting
  3337 | D:5      | Reached skill level 6 in Armour
  3337 | D:5      | Reached skill level 5 in Shields
  3368 | D:5      | Found a sand-covered staircase.
  3372 | D:5      | Reached XP level 7. HP: 61/61 MP: 3/6
  3374 | Ossuary  | Entered an ossuary
  3440 | Ossuary  | Reached ** piety under Wu Jian
  3452 | Ossuary  | Reached skill level 7 in Armour
  3460 | Ossuary  | Reached skill level 5 in Polearms
  3478 | Ossuary  | Reached XP level 8. HP: 16/70 MP: 0/7
  3847 | D:5      | Reached skill level 8 in Armour
  3992 | D:5      | Noticed Sigmund
  4023 | D:5      | Killed Sigmund
  4059 | D:5      | Found a staircase to the Ecumenical Temple.
  4225 | D:6      | Found a snail-covered altar of Cheibriados.
  4370 | D:6      | Reached *** piety under Wu Jian
  4455 | D:6      | Reached XP level 9. HP: 78/78 MP: 0/8
  4732 | D:6      | Reached skill level 9 in Armour
  4789 | D:6      | Reached **** piety under Wu Jian
  5137 | D:6      | Found a transporter.
  5139 | D:6      | Noticed mojasp's ghost (novice DEHu)
  5147 | D:6      | Found a transporter.
  5239 | D:6      | Identified the ring "Fime" {Fly rF- Int+5}
  6183 | D:6      | Killed mojasp's ghost
  6185 | D:6      | Reached skill level 10 in Armour
  6357 | D:7      | Found a radiant altar of Vehumet.
  6573 | D:7      | Found a shimmering altar of Xom.
  6585 | D:7      | Found a blossoming altar of Fedhas.
  6585 | D:7      | Found a stormy altar of Qazlal.
  6598 | D:7      | Found a bloodstained altar of Trog.
  6601 | D:7      | Found a burning altar of Makhleb.
  6684 | D:7      | Noticed Pikel
  6694 | D:7      | Killed Pikel
  6771 | D:7      | Reached ***** piety under Wu Jian
  6938 | D:7      | Reached XP level 10. HP: 88/88 MP: 7/9
  6973 | D:7      | Found a hazy altar of Hepliaklqana.
  7643 | D:8      | Found a runed translucent gate.
  7644 | D:8      | Found a runed translucent gate.
  7644 | D:8      | Found a runed translucent gate.
  7654 | D:8      | Noticed Odexios's ghost (novice OpSu)
  7693 | D:8      | Killed Odexios's ghost
  7694 | D:8      | Reached skill level 10 in Polearms
  7694 | D:8      | Reached skill level 11 in Armour
  7806 | D:8      | Acquired a manual of Armour
  7849 | D:8      | Found a hide-covered altar of Uskayaw.
  8361 | D:8      | Reached skill level 12 in Armour
  8669 | D:9      | Found a staircase to the Lair.
  8718 | D:9      | Reached skill level 13 in Armour
  8892 | D:9      | Reached XP level 11. HP: 97/97 MP: 2/10
  8964 | D:9      | Noticed a boulder beetle
  8983 | D:9      | Killed a boulder beetle
  9392 | D:9      | Noticed a purple ugly thing
  9392 | D:9      | Noticed a deep elf pyromancer
  9404 | D:9      | Killed a deep elf pyromancer
  9405 | D:9      | Reached skill level 14 in Armour
  9407 | D:9      | Noticed a brown ugly thing
  9409 | D:9      | Killed a purple ugly thing
  9416 | D:9      | Killed a brown ugly thing
  9558 | D:9      | Found Usouf's Armour Boutique.
  9573 | D:9      | Noticed a two-headed ogre
  9586 | D:9      | Killed a two-headed ogre
  9627 | D:9      | Reached skill level 15 in Armour
  9695 | D:9      | Reached skill level 10 in Shields
  9968 | D:9      | Lost mutation: You passively dampen the noise of your
                  | surroundings. [potion of mutation]
  9968 | D:9      | Lost mutation: You are agile. (Dex +4, Str/Int -1) [potion
                  | of mutation]
  9968 | D:9      | Gained mutation: [Your spells are a little easier to cast,
                  | but a little less powerful.] [potion of mutation]
  9968 | D:9      | Gained mutation: You are robust. (+10% HP) [potion of
                  | mutation]
 10170 | D:9      | Identified the ring of Propriety {Contam rF+ rN+ rCorr
                  | Str+6}
 10173 | D:9      | Identified the amulet "Fanol" {Reflect rElec Slay+2 SH+5}
 10180 | D:9      | Identified the ring "Namij" {rF+ Will- Str+7 Dex+3 Stlth+}
 10183 | D:9      | Identified the ring "Dydys" {Str+6 Dex+3}
 10371 | D:10     | Entered Level 10 of the Dungeon
 10484 | D:10     | Reached skill level 10 in Fighting
 10662 | D:10     | Found Soent's Fire Supplies.
 10676 | D:10     | Bought a +1 pair of boots of fire resistance for 264 gold
                  | pieces
 11107 | D:11     | Noticed Gastronok
 11112 | D:11     | Noticed Amaemon
 11123 | D:11     | Killed Amaemon
 11144 | D:11     | Killed Gastronok
 11145 | D:11     | Reached XP level 12. HP: 71/117 MP: 0/11
 11487 | D:11     | Reached ****** piety under Wu Jian
 11714 | D:11     | Noticed a two-headed ogre
 11939 | D:11     | Killed a two-headed ogre
 11940 | D:11     | Reached skill level 16 in Armour
 12443 | D:11     | Found a staircase to the Orcish Mines.
 12742 | D:12     | Acquired the +9 crystal plate armour of Riomemon {rF+ Int-3
                  | Dex+3 SInv}
 12846 | D:12     | Noticed a two-headed ogre
 12848 | D:12     | Noticed Erolcha
 12856 | D:12     | Killed a two-headed ogre
 12865 | D:12     | Killed Erolcha
 12990 | D:12     | Reached skill level 17 in Armour
 13085 | D:12     | Identified the +7 quarterstaff of Digik {freeze, rPois
                  | Str+4}
 13098 | D:12     | Identified the +8 arbalest of Xytaekk {flame, rC+ rN+}
 13712 | Orc:1    | Entered Level 1 of the Orcish Mines
 13712 | Orc:1    | Noticed Harold
 13817 | Orc:1    | Noticed an orc warlord
 13928 | D:11     | Killed an orc warlord
 13929 | D:11     | Reached skill level 18 in Armour
 14164 | Orc:1    | Paralysed by an orc sorcerer for 4 turns
 14180 | D:11     | Killed Harold
 14181 | D:11     | Reached skill level 15 in Polearms
 14324 | Orc:1    | Reached XP level 13. HP: 113/127 MP: 6/12
 14461 | Orc:1    | Noticed Maurice
 14469 | Orc:1    | Killed Maurice
 14571 | Orc:1    | Found Moss's Weapon Boutique.
 15095 | Orc:2    | Entered Level 2 of the Orcish Mines
 15281 | Orc:2    | Found Kiheakergh's General Store.
 15311 | Orc:2    | Found a staircase to the Elven Halls.
 15775 | Orc:2    | Found Sourudem's Distillery.
 15784 | Orc:2    | Reached skill level 19 in Armour
 15785 | Orc:2    | Found Liv Umn's General Store.
 15932 | Orc:2    | Bought a potion of heal wounds for 80 gold pieces
 16507 | Orc:2    | Found Feuretwo's Antique Weapon Boutique.
 16507 | Orc:2    | Found a one-way gate leading to the halls of Pandemonium.
 16507 | Orc:2    | Found Ciran's Jewellery Shop.
 16915 | Lair:1   | Entered Level 1 of the Lair of Beasts
 17469 | Lair:1   | Reached skill level 20 in Armour
 17708 | Lair:1   | Reached XP level 14. HP: 139/139 MP: 11/13
 18387 | Lair:2   | Found a staircase to the Snake Pit.
 18427 | Lair:2   | Found a staircase to the Shoals.
 20682 | Lair:4   | Noticed Josephine
 20694 | Lair:4   | Killed Josephine
 21546 | Lair:5   | Entered Level 5 of the Lair of Beasts
 22165 | Lair:5   | Reached skill level 21 in Armour
 22877 | Lair:5   | Found a staircase to the Slime Pits.
 23201 | Lair:5   | Reached XP level 15. HP: 151/151 MP: 11/14
 23230 | Lair:5   | Found a corrupted altar of Lugonu.
 23230 | Lair:5   | Found a one-way gate to the infinite horrors of the Abyss.
 23448 | Lair:5   | Identified the +4 ring mail "Lionamuuv" {Harm Str+2 Int-4}
 24003 | Orc:2    | Bought 2 potions of heal wounds for 160 gold pieces
 24572 | D:13     | Noticed Azrael
 24584 | D:13     | Killed Azrael
 26372 | D:13     | Found a gate to the Vaults.
 26789 | D:14     | Reached skill level 22 in Armour
 27837 | D:15     | Entered Level 15 of the Dungeon
 28163 | D:15     | Found a staircase to the Depths.
 28241 | D:15     | Reached skill level 15 in Fighting
 28419 | D:15     | Noticed Jorgrun
 28423 | D:15     | Found Nacutudd's Blood Bar.
 28430 | D:15     | Killed Jorgrun
 28667 | D:15     | Reached XP level 16. HP: 157/163 MP: 1/15
 29294 | Snake:1  | Entered Level 1 of the Snake Pit
 30824 | Snake:2  | Identified the +8 short sword of Karma {chaos, rElec}
 32704 | Snake:3  | Noticed Aizul
 32724 | Snake:3  | Killed Aizul
 33425 | Snake:3  | Reached skill level 15 in Shields
 33640 | Snake:4  | Entered Level 4 of the Snake Pit
 34099 | Snake:4  | Reached XP level 17. HP: 173/173 MP: 8/16
 34599 | Snake:4  | Reached skill level 23 in Armour
 35202 | Snake:4  | Got a serpentine rune of Zot
 35988 | Vaults:1 | Entered Level 1 of the Vaults
 38051 | Vaults:1 | Reached XP level 18. HP: 160/185 MP: 11/17
 39440 | Vaults:2 | Reached skill level 24 in Armour
 39577 | Abyss:2  | Cast into level 2 of the Abyss (a wizard)
 39620 | Abyss:2  | Gained mutation: You are clumsy. (Dex -2) [a neqoxec]
 39638 | Abyss:2  | Gained mutation: You are very clumsy. (Dex -4) [a neqoxec]
 39650 | Abyss:2  | Gained mutation: [You are weak. (Str -2)] [a neqoxec]
 39655 | Abyss:2  | Lost intelligence.
 39662 | Abyss:2  | Lost mutation: You are robust. (+10% HP) [a neqoxec]
 39663 | Abyss:2  | Demolished by a death knight

Illustrated notes

Levels and vault maps discovered:
D:1:      dpeg_arrival_pond, layout_rooms
D:2:      layout_loops_corners, basic_ecumenical_altar, minmay_bisected,
          uniq_crazy_yiuf_cottage, uniq_terence
D:3:      layout_loops_cross, mainiacjoe_overflow_concentric_impassable,
          mainiacjoe_overflow_paths, serial_park_tiny_pond
D:4:      layout_basic
D:5:      layout_basic, temple_green, nicolae_ossuary_entry_giza, uniq_grinder,
          uniq_sigmund
D:6:      minmay_goblin_kobold_castle, layout_basic, cheibriados_altar_1,
          gammafunk_ghost_arena
D:7:      layout_loops_ring, vehumet_altar_wand_db,
          mainiacjoe_overflow_surrounded_room, minmay_overflow_temple_star_hex,
          uniq_pikel
D:8:      layout_loops_ring, kennysheep_mini, gammafunk_ghost_split, minmay_puff
D:9:      minmay_the_grid_triangle_9x9_rhombus_thin_mashed
          [minmay_the_grid_triangle_9x9_longest,
          minmay_the_grid_triangle_9x9_prize_special,
          minmay_the_grid_triangle_9x9_corrupted_corridor,
          minmay_the_grid_triangle_9x9_checkered], layout_basic,
          lair_entry_dummy, serial_shops, nicolae_stop_n_shop_2,
          dreamdust_wishing_well
D:10:     layout_small_grid, nicolae_shop_fire_sale [nicolae_sub_dead_trees],
          nicolae_nh_ransacked_shop
D:11:     layout_basic, erik_orc_3, minmay_misc_feat_chi, uniq_gastronok,
          uniq_amaemon
D:12:     layout_cross, nicolae_concentric_dashed_squares_wild, uniq_erolcha
D:13:     layout_basic, grunt_vaults_entry_fortified, uniq_azrael
D:14:     layout_cave_pods, minivault_24
D:15:     hangedman_depths_entry_try_elsewhere_first, layout_irregular_city,
          guppyfry_shop_blood, uniq_jorgrun
Lair:1:   layout_big_grid, minmay_holes, nicolae_lair_liquid_snakes
Lair:2:   layout_loops_ring, minmay_shoals_entry_lonely_mermaid,
          minmay_snake_entry_guardpost_small
Lair:3:   layout_cave_pods, lemuel_fruit_tree, grunt_megastairs_3,
          lemuel_fruit_fields
Lair:4:   layout_cave_pods, serial_bayou_shore_a, uniq_josephine
Lair:5:   hellmonk_lair_end_abyssal_woods, layout_gridlike, slime_entry_1,
          serial_bayou_lagoon_a, kilobyte_rumbling_trees
Snake:1:  layout_grid_maze, drop_trap
Snake:2:  layout_onion
Snake:3:  layout_rooms, uniq_aizul
Snake:4:  grunt_snake_rune_pools, layout_grid_shapes, grunt_megastairs_2
Orc:1:    layout_diamond_mine, basic_altar, serial_shops,
          nicolae_shop_bloodbath_and_beyond, statue_in_the_mist_lemuel,
          uniq_harold, uniq_maurice
Orc:2:    pf_orc_diabolical, layout_caves, serial_shops,
          nicolae_shop_temple_entry_statues_fountains
Vaults:1: vaults_dpeg_hooks, hangedman_vaults_stagger,
          ontoclasm_vaults_loading_screen, v_misc_17, vaults_dpeg_cross,
          vaults_mumra_bighexcomb, nicolae_vaults_network_square,
          vaults_room_fours, nicolae_vaults_gold_heap,
          ontoclasm_vaults_decontamination, dpeg_vaults_monster_box,
          layout_vaults_chaotic_city
Vaults:2: nicolae_vaults_yaktaur_gun_rack, hangedman_vaults_unwind,
          hangedman_vaults_slice, hangedman_vaults_hat, nicolae_vaults_big_ls,
          kennysheep_vaults_gozag_temple, ontoclasm_vaults_pinch,
          ontoclasm_vaults_loading_screen, v_rooms_6, layout_vaults_omnigrid
Abyss:2:  base:
Vaults:1

Skill      XL: |  1  2  3  4  5  6  7  8  9 10 11 12 13 14 15 16 17 18 |
---------------+-------------------------------------------------------+-----
Axes           | 3 4 |  4.0
Armour         | 4 5 6 7 8 10 13 15 18 20 21 22 23 24 | 24.0
Fighting       | 4 5 6 7 9 10 11 12 14 15 16 17 | 17.6
Shields        | 4 5 6 8 9 10 11 13 15 17 | 17.8
Polearms       | 2 3 5 7 9 11 13 15 16 18 20 21 22 23 | 23.4

Action                   |  1- 3 |  4- 6 |  7- 9 | 10-12 | 13-15 | 16-18 || total
-------------------------+-------+-------+-------+-------+-------+-------++-------
Melee: War axe           |    51 |       |       |       |       |       ||    51
       Headbutt          |     3 |    12 |    30 |    88 |   209 |   227 ||   569
       Quarterstaff      |     7 |    32 |       |       |       |       ||    39
       Lance             |       |    66 |   291 |   522 |  1071 |  1076 ||  3026
       Punch             |       |       |     5 |     2 |     7 |       ||    14
Throw: Throwing net      |       |       |     1 |     1 |       |       ||     2
Invok: Lunge             |       |    12 |    43 |    72 |   112 |   137 ||   376
       Whirlwind         |       |     4 |    52 |    34 |   116 |   124 ||   330
       Serpent's Lash    |       |       |       |     1 |       |       ||     1
 Abil: Wall Jump         |       |       |       |     1 |       |       ||     1
Evoke: Wand              |       |       |       |     8 |     3 |     1 ||    12
  Use: Potion            |     1 |    10 |     1 |     7 |     3 |    15 ||    37
       Scroll            |       |    11 |     4 |    18 |    12 |    11 ||    56
Armor: Scale mail        |    40 |    47 |       |       |       |       ||    87
       Plate armour      |       |    32 |   188 |   183 |       |       ||   403
       Crystal plate arm |       |       |       |   124 |   530 |   700 ||  1354
Dodge: Dodged            |    34 |    52 |    86 |   130 |   200 |   160 ||   662
Block: Buckler           |    20 |       |       |       |       |       ||    20
       Other             |       |       |       |    42 |   139 |       ||   181
       Reflection        |       |       |       |     8 |    31 |   205 ||   244
       Tower shield      |       |       |       |       |   197 |  1627 ||  1824

Table legend: (Time is in decaauts)
 A = Elapsed time spent in this place.
 B = Non-inter-level travel time spent in this place.
 C = Inter-level travel time spent in this place.
 D = Time resting spent in this place.
 E = Time spent auto-exploring this place.
 F = Levels seen in this place.
 G = Mean time per level.
                   A        B        C        D        E       F      G
               +--------+--------+--------+--------+--------+-----+--------+
         Total |  39580 |  38625 |    955 |   6349 |  21370 |  30 | 1319.3 |
       Dungeon |  19040 |  18450 |    590 |   1494 |  11700 |  15 | 1269.3 |
          Lair |   6810 |   6595 |    215 |    718 |   4368 |   5 | 1362.0 |
     Snake Pit |   6574 |   6488 |     86 |   2461 |   2416 |   4 | 1643.5 |
  Orcish Mines |   3024 |   2963 |     61 |    790 |    783 |   2 | 1512.0 |
        Vaults |   3551 |   3551 |      0 |    842 |   1872 |   2 | 1775.5 |
         Abyss |     83 |     83 |      0 |      0 |      0 |   1 |   83.0 |
       Ossuary |    495 |    495 |      0 |     43 |    229 |   1 |  495.0 |
               +--------+--------+--------+--------+--------+-----+--------+

Top non-repeatable levels by time:
Vaults:1: 2438 daAuts
    D:11: 2362 daAuts
    D:13: 2333 daAuts
 Snake:1: 2221 daAuts
     D:6: 2119 daAuts
 Snake:4: 2063 daAuts
  Lair:5: 2015 daAuts
   Orc:2: 1970 daAuts
     D:9: 1788 daAuts
  Lair:3: 1401 daAuts
 Snake:2: 1328 daAuts
     D:8: 1280 daAuts
    D:15: 1251 daAuts
    D:14: 1209 daAuts
     D:2: 1199 daAuts
